 Dungeon Crawl Stone Soup version 0.19-a0-1697-g0595f0e (webtiles) character file.

28 Jraekied the Shield-Bearer (level 3, 0/19 HPs)
             Began as a Vine Stalker Fighter on Sept 15, 2016.
             Succumbed to a kobold's poison
             ... on level 1 of the Dungeon on Sept 26, 2016.
             The game lasted 00:03:55 (648 turns).

Jraekied the Shield-Bearer (Vine Stalker Fighter)    Turns: 648, Time: 00:03:55

Health: 0/19       AC:  5    Str: 18    XL:     3   Next: 12%
Magic:  2/5        EV:  8    Int:  9    God:
Gold:   34         SH:  9    Dex: 13    Spells: 0 memorised, 4 levels left

rFire  . . .     SeeInvis .     m - -3 dagger (curse)
rCold  . . .     Gourm    .     e - +0 robe (curse)
rNeg   . . .     Faith    .     c - +0 shield
rPois  .         Spirit   +     (no helmet)
rElec  .         Dismiss  .     (no cloak)
rCorr  .         Reflect  .     j - +1 pair of gloves
MR     .....     Harm     .     (no boots)
Stlth  +.........               (no amulet)
                                (no ring)
                                (no ring)

@: lethally poisoned (0 -> -34)
A: fangs 2, magic shield, antimagic bite, no device heal 3, rot immunity
a: no special abilities


You were on level 1 of the Dungeon.
You were not hungry.

You visited 1 branch of the dungeon, and saw 1 of its levels.

You collected 34 gold pieces.

Inventory:

Hand Weapons
 a - a +0 long sword
 m - a cursed -3 dagger (weapon)
Missiles
 g - 39 stones (quivered)
Armour
 b - a +0 scale mail
 c - a +0 shield (worn)
 e - a cursed +0 robe (worn)
 j - a +1 pair of gloves (worn)
Scrolls
 k - a scroll of teleportation {unknown}
Potions
 d - a potion of might
 h - a potion of haste {unknown}
Comestibles
 f - a bread ration
 i - 3 fruits


   Skills:
 - Level 2.6 Fighting
 * Level 2.6 Long Blades
 - Level 2.5 Armour
 - Level 2.8 Shields
 + Level 1.2 Spellcasting


You had 4 spell levels left.
You didn't know any spells.

Dungeon Overview and Level Annotations

Branches:
Dungeon (1/15)

Altars:


Innate Abilities, Weirdness & Mutations

You have extremely sharp teeth.
When hurt, damage is shared between your health and your magic reserves.
Your bite disrupts and absorbs the magic of your enemies.
Potions and wands cannot restore your health.
You are immune to rotting.


Message History

You hit the kobold but do no damage. Your bite misses the kobold.
You feel sick. You block the kobold's attack.
You barely miss the kobold.
You feel sick.
The kobold hits you with a short sword of venom.
You are more poisoned.
You hit the kobold but do no damage. You bite the kobold. You drain its power.
You feel invigorated.
The kobold is moderately wounded.
You feel sick.
The kobold hits you with a short sword of venom.
* * * LOW HITPOINT WARNING * * *
You are more poisoned.
The kobold completely misses you.
Your shield prevents you from hitting the kobold.
The kobold is moderately wounded.
* * * LOW HITPOINT WARNING * * *
You feel sick. You block the kobold's attack.
You hit the kobold but do no damage. You bite the kobold, but do no damage.
The kobold is moderately wounded.
You die...

##.###.# #...# #†#
#..##.# #...# #.#
##.##.# #...# #.# #..#.#
#...# #########.# ##÷#.#
#...####.........#
#.#.###...............##
#...#...).)###.######.#
##..#.....K# #.# #.#
#..#.....@# #.# #.#
##....(...# #.# #.#
#........# #.# #.#
##.......# #.# #..
#.......# #.# ##
#..###'## ##..##(#
#))##.#####
##########.##.....#


You could see a kobold.

Vanquished Creatures
  A dart slug (D:1)
  A leopard gecko (D:1)
  2 giant cockroaches (D:1)
  6 goblins (D:1)
  3 hobgoblins (D:1)
  6 kobolds (D:1)
  A frilled lizard (D:1)
  A rat (D:1)
21 creatures vanquished.

Notes
Turn   | Place    | Note
-------+----------+-------------------------------------------
     0 | D:1      | Jraekied the Vine Stalker Fighter began the quest for the Orb.
     0 | D:1      | Reached XP level 1. HP: 11/11 MP: 2/2
    57 | D:1      | Upgraded the game from 0.19-a0-1571-g5ccf90f to 0.19-a0-1697-g0595f0e
    82 | D:1      | Reached XP level 2. HP: 6/16 MP: 3/3
   459 | D:1      | Reached skill level 1 in Spellcasting
   460 | D:1      | Reached XP level 3. HP: 15/19 MP: 5/5
   648 | D:1      | Succumbed to a kobold's poison

Vault maps used:
D:1:      eino_arrival_water_star

Skill      XL: |  1  2 |
---------------+-------+-----
Long Blades    | 2 |  2.6
Spellcasting   | 1 |  1.2
Fighting       | |  2.6
Armour         | |  2.5
Shields        | |  2.8

Action                   || total
-------------------------++-------
Melee: Long sword        ||    54
       Bite              ||    24
       Dagger            ||    17
Throw: Stone             ||     4
  Use: Scroll            ||     3
Armor: Scale mail        ||     5
       Robe              ||     8
Dodge: Dodged            ||    15
Block: Shield            ||    45
